 Dungeon Crawl Stone Soup version 0.31.0-11-ge490571c62 (webtiles) character file.

Game seed: 3023854125005800630

24 qw the Shooter (level 2, -2/16 HPs)
             Began as a Deep Elf Hunter on Feb 4, 2024.
             Slain by Sigmund
             ... wielding a +0 scythe
              (5 damage)
             ... on level 2 of the Dungeon.
             The game lasted 00:00:22 (900 turns).

qw the Shooter (Deep Elf Hunter)                     Turns: 900, Time: 00:00:22

Health: -2/16      AC:  3    Str:  8    XL:     2   Next: 79%
Magic:  4/4        EV: 12    Int: 13    God:
Gold:   77         SH:  0    Dex: 18    Spells: 1/1 levels left

rFire   . . .        a - +1 shortbow
rCold   . . .        (shield currently unavailable)
rNeg    . . .        c - +0 leather armour
rPois   .            (no helmet)
rElec   .            (no cloak)
rCorr   .            (no gloves)
SInv    .            (no boots)
Will    .....        (no amulet)
Stlth   +            (no ring)
HPRegen 0.22/turn    (no ring)
MPRegen 0.09/turn

%: no passive effects
@: confused
A: no striking features
a: no special abilities


You were on level 2 of the Dungeon.
You visited 1 branch of the dungeon, and saw 2 of its levels.

You collected 77 gold pieces.


   Skills:
 - Level 1.5 Fighting
 + Level 6.5 Ranged Weapons
 - Level 2.4 Dodging
 - Level 1.2 Stealth


You had one spell level left.
You didn't know any spells.
Your spell library was empty.

Inventory:

Hand Weapons
 a - a +1 shortbow (weapon)
Armour
 b - a +0 ring mail
 c - a +0 leather armour (worn)

Dungeon Overview and Level Annotations

Branches:
Dungeon (2/15)

Altars:

Annotations:
D:2 Sigmund


Message History

Your +0 shortbow glows red for a moment.
Done exploring.
793 ||| DROPPING scroll of butterflies.
You drop a scroll of butterflies.
Done exploring.
794 ||| DROPPING scroll of blinking.
You drop a scroll of blinking.
Done exploring.
What level of the Dungeon? (default 1, ? - help)
There is an open door here.
You see here 4 stones.
There is an open door here.
There is a stone staircase leading down here.
You climb downwards.
Found a dagger.
Found a stone staircase leading down.
There is a stone staircase leading up here.
Waypoint 1 assigned to D:2.
b - a +0 ring mail
Found a trident.
Sigmund the Dreaded comes into view.
He is wielding a +0 scythe.
Found 10 gold pieces.
Sigmund shouts!
You shoot an arrow. The arrow barely misses Sigmund.
You shoot an arrow. The arrow closely misses Sigmund.
You shoot an arrow. The arrow hits Sigmund.
Sigmund is lightly wounded.
You shoot an arrow. The arrow closely misses Sigmund.
Sigmund hits you from afar with a +0 scythe.
You shoot an arrow. The arrow barely misses Sigmund.
Sigmund hits you from afar with a +0 scythe!
Ouch! That really hurt!
You shoot an arrow. The arrow barely misses Sigmund.
You shoot an arrow. The arrow hits Sigmund.
Sigmund is lightly wounded.
Sigmund closely misses you.
You shoot an arrow. The arrow barely misses Sigmund.
A quokka comes into view.
Sigmund casts a spell at you.
You are confused.
Sigmund hits you from afar with a +0 scythe.
You die...
Sigmund begins carving another notch in his scythe.

# .#
##########.##
###.......#....
.......$.......
..............$
#....@.@#
#.......#
#.......#######.
#.......r.......
#........######
#######.## #.#
######### ###.#
#.......# #...#


You could see Sigmund and a quokka.

Vanquished Creatures
  4 ball pythons (D:1)
  4 bats (D:1)
  2 endoplasms (D:1)
  A giant cockroach (D:1)
  2 hobgoblins (D:1)
  2 quokkas (D:1)
  4 frilled lizards (D:1)
  A kobold (D:1)
  3 rats (D:1)
23 creatures vanquished.

Notes
Turn   | Place    | Note
-------+----------+-------------------------------------------
     0 | D:1      | qw the Deep Elf Hunter began the quest for the Orb.
     0 | D:1      | Reached XP level 1. HP: 12/12 MP: 3/3
     0 | D:1      | 0 ||| qw: Version: 0.3-a-160-g6735b56
     0 | D:1      | 0 ||| qw: Game counter: 5955
     0 | D:1      | 0 ||| qw: Melee chars always use a shield: true
     0 | D:1      | 0 ||| qw: God list: Okawaru
     0 | D:1      | 0 ||| qw: Allow faded altars: false
     0 | D:1      | 0 ||| qw: Do Orc after clearing Dungeon:15 true
     0 | D:1      | 0 ||| qw: Do second Lair branch before Depths: true
     0 | D:1      | 0 ||| qw: Lair rune preference: random
     0 | D:1      | 0 ||| qw: Goals: Normal
     0 | D:1      | 0 ||| PLANNING D:1-11
    93 | D:1      | Reached skill level 6 in Ranged Weapons
    93 | D:1      | Reached XP level 2. HP: 16/16 MP: 4/4
   201 | D:1      | Found a faded altar of an unknown god.
   789 | D:1      | 789 ||| READING scroll labelled VAYJYK KORU.
   790 | D:1      | 790 ||| READING 2 scrolls labelled ZURUQI NUUPIBB.
   791 | D:1      | 791 ||| READING scroll labelled MUILYANE UMIWO.
   791 | D:1      | 791 ||| IDENTIFYING scroll labelled HOSU ZUIKERENA
   792 | D:1      | 792 ||| READING scroll of enchant weapon.
   792 | D:1      | 792 ||| ENCHANTING +0 shortbow.
   793 | D:1      | 793 ||| DROPPING scroll of butterflies.
   794 | D:1      | 794 ||| DROPPING scroll of blinking.
   891 | D:2      | Noticed Sigmund
   896 | D:2      | HP: 2/16 [Sigmund/+0 scythe (11)]
   900 | D:2      | Slain by Sigmund

Levels and vault maps discovered:
D:1:      ncdulo_watergridlock, layout_basic, nicolae_ecumenical_lake_church,
          chequers_serial_rivers_micro_e, minmay_misc_feat_secret_circle
D:2:      layout_basic, uniq_sigmund

Skill      XL: |  1 |
---------------+----+-----
Ranged Weapons | 6 |  6.5
Fighting       | |  1.5
Dodging        | |  2.4
Stealth        | |  1.2

Action                     || total
---------------------------++-------
   Fire: Shortbow          ||    51
    Use: Scroll            ||     4
 Armour: Leather armour    ||     4
  Dodge: Dodged            ||     5

Table legend:
 A = Non-vault XP
 B = Vault XP
 C = Vault XP percentage of total XP
 D = Non-vault monster count
 E = Vault monster count
 F = Vault count percentage of total count
                 A         B        C        D         E       F
            +---------+---------+-------+---------+---------+-------
      Total |      35 |       0 |   0.0 |      23 |       0 |   0.0
            +---------+---------+-------+---------+---------+-------
        D:1 |      35 |       0 |   0.0 |      23 |       0 |   0.0
            +---------+---------+-------+---------+---------+-------
